 Dungeon Crawl Stone Soup version 0.32-a0-933-ga8fa3634e4 (webtiles) character file.

Game seed: 1125328927700282112

800 ezpacito the Chopper (level 7, -10/54 HPs)
             Began as a Coglin Chaos Knight on Apr 14, 2024.
             Was a Plaything of Xom.
             Mangled by Duvessa
             ... wielding a +1 rapier of protection
              (15 damage)
             ... on level 4 of the Dungeon.
             The game lasted 00:04:10 (2986 turns).

ezpacito the Chopper (Coglin Chaos Knight)          Turns: 2986, Time: 00:04:11

Health: -10/54     AC:  7    Str: 15    XL:     7   Next: 90%
Magic:  9/9        EV: 11    Int: 11    God:    Xom [....*.]
Gold:   146        SH:  0    Dex: 13    Spells: 9/9 levels left

rFire   . . .        a - +0 hand axe (chaos) {Yongsun}
rCold   . . .        f - +1 whip (elec) {Jacinta}
rNeg    . . .        b - +2 leather armour
rPois   .            (no helmet)
rElec   .            p - +0 cloak
rCorr   .            g - +0 pair of gloves
SInv    .            (no boots)
Will    .....        (amulet unavailable)
Stlth   ++           (ring unavailable)
HPRegen 0.29/turn    (ring unavailable)
MPRegen 0.11/turn    (no gizmo)

%: no passive effects
@: about to teleport, attractive, revving
A: off-hand wielding, slow wielding, warmup strikes, no jewellery
a: Invent Gizmo, Renounce Religion


You were on level 4 of the Dungeon.
You worshipped Xom.
You were a beloved toy of Xom.
You visited 1 branch of the dungeon, and saw 4 of its levels.

You collected 146 gold pieces.

Inventory:

Hand Weapons
 a - a +0 hand axe of chaos (weapon) {Yongsun}
 f - a +1 whip of electrocution (offhand) {Jacinta}
 k - a +0 war axe
Missiles
 l - 4 poisoned darts (quivered)
Armour
 b - a +2 leather armour (worn)
 g - a +0 pair of gloves (worn)
 p - a +0 cloak (worn)
Magical Staves
 m - a staff of death
Wands
 i - a wand of mindburst (9)
 D - a wand of digging (2)
Scrolls
 e - a scroll of amnesia
 h - a scroll of enchant armour
 q - 2 scrolls of enchant weapon
 u - 2 scrolls of torment
Potions
 c - a potion of cancellation {unknown}
 n - a potion of brilliance


   Skills:
 * Level 4.3 Fighting
 * Level 4.4(4.8) Axes
 * Level 2.5(3.7) Polearms
 * Level 3.3 Armour
 * Level 3.0 Dodging
 + Level 2.0 Stealth
 + Level 1.5 Spellcasting
 + Level 1.7 Necromancy
 + Level 2.2 Evocations


You had 9 spell levels left.
You didn't know any spells.
Your spell library contained the following spells:

 Spells                   Type           Power      Damage    Failure   Level
 Sting                    Conj/Alch      0%         1d3       36%         1
 Mercury Vapours          Alch/Air       0%         N/A       50%         2
 Olgreb's Toxic Radiance  Alch           0%         N/A       98%         4


Dungeon Overview and Level Annotations

Branches:
Dungeon (4/15)
 Temple: D:4-7

Altars:
The Shining One

Annotations:
D:4 2 runed translucent doors, Duvessa; bananaken's ghost, amateur TrMo


Innate Abilities, Weirdness & Mutations

You can wield a second weapon in your off-hand.
It takes a long time for you to wield or remove held weapons.
Your first few attacks do less damage.
You cannot equip rings or amulets.


Message History

You hit the scorpion with your +0 hand axe of chaos.
You drain the scorpion. The scorpion stings you.
You take 4 damage, and have 45/54 hp.
You completely miss the scorpion with your +0 hand axe of chaos.
The scorpion is almost dead.
You hit the scorpion but do no damage.
The scorpion stings you but does no damage.
You slash the scorpion with your +0 hand axe of chaos!
You kill the scorpion!
Your Dodging skill increases to level 3!
No target in view!
Okay, then.
Duvessa goes berserk!
There is an open door here.
Health restored: 54 Duvessa is nearby!
Duvessa closely misses you.
You hit Duvessa but do no damage. Lightning courses through Duvessa!
Duvessa is lightly wounded.
You closely miss Duvessa with your +0 hand axe of chaos.
Duvessa hits you with a +1 rapier of protection!
Duvessa closely misses you.
You take 12 damage, and have 42/54 hp.
MASSIVE DAMAGE!!
You barely miss Duvessa with your +0 hand axe of chaos.
Duvessa is lightly wounded.
You hit Duvessa but do no damage. Lightning courses through Duvessa!
Duvessa hits you with a +1 rapier of protection!
You take 6 damage, and have 36/54 hp.
You are too injured to fight recklessly!
It was a potion of attraction.
You feel attractive to monsters.
Xom thinks this is hilarious!
Duvessa hits you with a +1 rapier of protection! x2
* * * LOW HITPOINT WARNING * * *
You take 31 damage, and have 5/54 hp.
MASSIVE DAMAGE!!
As you read the scroll of teleportation, it crumbles to dust.
You feel strangely unstable.
Duvessa hits you with a +1 rapier of protection!
You die...
Xom laughs nastily!

#..........# #.# #....##.#### #.#
#...###.# #'## #..####.# #...##
#.......# #.....# ## ##.##.###
##.......# ##.##
#######.#...####........?####..†#
...............'.........'.......
#######.#..<...#@e..>....####..<#
#.##.###.##.......## ##.##
#.....##.# #.....# ## ####..##.#
#...## #..##.# #'## #.†##.# .#
#.)...# .# ##[#### ##.##
####.#######..<##


You could see Duvessa (berserk).

Vanquished Creatures
  Pikel (D:4)
  A scorpion (D:4)
  A sleepcap (D:4)
  Natasha (thrice) (D:3)
  5 adders
  4 ribbon worms
  4 dart slugs
  2 orcs (D:4)
  4 endoplasms
  3 giant cockroaches
  3 goblins
  8 hobgoblins
  14 jackals
  8 kobolds
  4 quokkas
  11 ball pythons
  6 bats
  3 frilled lizards
  2 rats
87 creatures vanquished.

Vanquished Creatures (collateral kills)
  Dowan (D:4)
  A jelly (D:4)
2 creatures vanquished.

Grand Total: 89 creatures vanquished

Notes
Turn   | Place    | Note
-------+----------+-------------------------------------------
     0 | D:1      | ezpacito the Coglin Chaos Knight began the quest for the
                  | Orb.
     0 | D:1      | Reached XP level 1. HP: 18/18 MP: 1/1
    33 | D:1      | Reached skill level 1 in Dodging
   118 | D:1      | Reached XP level 2. HP: 23/24 MP: 2/2
   134 | D:1      | XOM: divination: detect creatures
   475 | D:1      | Reached XP level 3. HP: 28/29 MP: 3/3
  1082 | D:2      | Reached XP level 4. HP: 35/35 MP: 4/4
  1082 | D:2      | XOM: smoke on damage
  1210 | D:2      | Reached skill level 1 in Polearms
  1475 | D:2      | XOM: silly message
  1535 | D:3      | Noticed Natasha
  1536 | D:3      | XOM: potion effect (invisibility)
  1539 | D:3      | XOM: potion effect (berserk rage)
  1542 | D:3      | Killed Natasha
  1543 | D:3      | Reached XP level 5. HP: 41/41 MP: 5/5
  1620 | D:3      | Found a glowing golden altar of the Shining One.
  1704 | D:3      | Noticed Natasha
  1714 | D:3      | Reached skill level 1 in Stealth
  1719 | D:3      | Killed Natasha
  1971 | D:3      | XOM: silly message
  1997 | D:3      | Noticed Natasha
  2006 | D:3      | Killed Natasha
  2190 | D:4      | Noticed a lemure
  2190 | D:4      | Noticed a lemure
  2190 | D:4      | Noticed Pikel
  2191 | D:4      | Noticed a lemure
  2191 | D:4      | XOM: potion effect (might)
  2191 | D:4      | Noticed a lemure
  2196 | D:4      | XOM: confuse monster(s)
  2328 | D:4      | Noticed Duvessa
  2332 | D:4      | Found a large runed translucent door.
  2344 | D:4      | Killed Dowan
  2345 | D:4      | Reached skill level 1 in Necromancy
  2345 | D:4      | Reached skill level 1 in Evocations
  2345 | D:4      | Reached XP level 6. HP: 20/48 MP: 7/7
  2374 | D:4      | XOM: silly message
  2472 | D:4      | XOM: smoke on damage
  2486 | D:4      | Reached skill level 1 in Spellcasting
  2713 | D:4      | Found a large runed translucent door.
  2713 | D:4      | Noticed bananaken's ghost (amateur TrMo)
  2857 | D:4      | XOM: god gift: 21 gold pieces
  2875 | D:4      | Killed Pikel
  2876 | D:4      | Reached XP level 7. HP: 43/54 MP: 7/9
  2986 | D:4      | Mangled by Duvessa

Illustrated notes

Levels and vault maps discovered:
D:1:      scummos_arrival_forest, layout_loops_cross, serial_bayou_pond_d
D:2:      layout_loops_ring, nicolae_underground_beach
D:3:      layout_rooms, lemuel_round_altar, nicolae_kite_square_tiling_tiny,
          uniq_natasha
D:4:      layout_loops_corners, ebering_ghost_disaster_area, uniq_pikel,
          uniq_duvessa, uniq_sigmund

Skill      XL: |  1  2  3  4  5  6  7 |
---------------+----------------------+-----
Dodging        | 1 2 3 |  3.0
Armour         | 2 3 |  3.3
Polearms       | 1 2 |  2.5
Stealth        | 1 2 |  2.0
Necromancy     | 1 |  1.7
Evocations     | 1 2 |  2.2
Spellcasting   | 1 |  1.5
Fighting       | 4 |  4.3
Axes           | 4 |  4.4

Action                     |  1- 3 |  4- 6 |  7- 9 || total
---------------------------+-------+-------+-------++-------
  Melee: Dagger            |    76 |   115 |     4 ||   195
         Hand axe          |    84 |   121 |    10 ||   215
         Whip              |       |       |     5 ||     5
    Use: Scroll            |       |    11 |     1 ||    12
         Potion            |       |     3 |     1 ||     4
   Stab: Confused          |     1 |       |       ||     1
         Sleeping          |     1 |     3 |       ||     4
 Armour: Leather armour    |    69 |    90 |    10 ||   169
  Dodge: Dodged            |    53 |    78 |     5 ||   136

Table legend: (Time is in decaauts)
 A = Elapsed time spent in this place.
 B = Non-inter-level travel time spent in this place.
 C = Inter-level travel time spent in this place.
 D = Time resting spent in this place.
 E = Time spent auto-exploring this place.
 F = Levels seen in this place.
 G = Mean time per level.
                   A        B        C        D        E       F      G
               +--------+--------+--------+--------+--------+-----+--------+
         Total |   3009 |   2856 |    153 |      5 |   2263 |   4 |  752.2 |
       Dungeon |   3009 |   2856 |    153 |      5 |   2263 |   4 |  752.2 |
               +--------+--------+--------+--------+--------+-----+--------+

Top non-repeatable levels by time:
     D:2: 841 daAuts
     D:4: 832 daAuts
     D:3: 693 daAuts
     D:1: 642 daAuts
